[ AOE2 MATCH · #485520769 ]
UnrankedMongols vs Japanese
Player's team · LOSS
Rival team · WIN
[ REPLAY ANALYSIS · EXTRACTED FROM THE RECORDED GAME ]
Feudal
—
Castle
—
Imperial
—
| APM avg | 103.7 |
| APM peak | 173 |
| eAPM avg | 69.9 |
| Villagers / military | 218 / 392 |
Focus
⚔️ 68.4% · 🌾 31.6%
Scout Cavalry ×141 · Skirmisher ×118 · Knight ×113 · Trebuchet (Packed) ×13 · Archer ×4 · Monk ×1
Feudal
10:37
Castle
22:24
Imperial
35:55
| APM avg | 70.5 |
| APM peak | 118 |
| eAPM avg | 33.2 |
| Villagers / military | 189 / 484 |
Focus
⚔️ 40.0% · 🌾 60.0%
Scout Cavalry ×254 · Cavalry Archer ×133 · Skirmisher ×48 · Samurai ×15 · Archer ×10 · Trebuchet (Packed) ×6
Match map
Initial resources + every placement click. Lines = walls · curves = elevation contours. ◆ gold · ⬟ stone · ● berries · ✦ relic · ◌ wall gap
Your base· Open — 5t gap
GO1_mx's base· Open — 1t gap
Smoothed initial terrain · ◌ = detected wall gap · hover for details
Inputs per minute
— Saturno 1343 - - GO1_mx
Build order — Saturno 1343
First 150 of 922 actions detected
| 0:00 | Queue | Villager (Male) |
| 0:01 | Queue | Villager (Male) |
| 0:02 | Build | House |
| 0:02 | Build | House |
| 0:04 | Queue | Villager (Male) |
| 0:10 | Queue | Villager (Male) |
| 0:10 | Queue | Villager (Male) |
| 1:20 | Queue | Villager (Male) |
| 1:20 | Queue | Villager (Male) |
| 1:52 | Queue | Villager (Male) |
| 1:55 | Build | Lumber Camp |
| 2:14 | Queue | Villager (Male) |
| 2:43 | Queue | Villager (Male) |
| 2:53 | Queue | Villager (Male) |
| 2:53 | Queue | Villager (Male) |
| 3:06 | Queue | Villager (Male) |
| 3:27 | Queue | Villager (Male) |
| 3:27 | Queue | Villager (Male) |
| 3:28 | Build | House |
| 4:06 | Queue | Villager (Male) |
| 4:06 | Queue | Villager (Male) |
| 4:09 | Queue | Villager (Male) |
| 4:15 | Queue | Villager (Male) |
| 5:05 | Build | Mill |
| 5:30 | Research | Loom |
| 6:14 | Research | Feudal Age |
| 6:15 | Queue | Villager (Male) |
| 6:35 | Queue | Villager (Male) |
| 6:40 | Queue | Villager (Male) |
| 7:08 | Build | House |
| 7:49 | Build | Barracks |
| 7:57 | Queue | Villager (Male) |
| 8:00 | Build | House |
| 8:02 | Build | Palisade Wall |
| 8:03 | Queue | Villager (Male) |
| 8:04 | Build | Palisade Wall |
| 8:06 | Build | Palisade Wall |
| 8:20 | Queue | Villager (Male) |
| 8:21 | Queue | Villager (Male) |
| 8:26 | Build | Barracks |
| 8:27 | Queue | Villager (Male) |
| 8:34 | Build | Palisade Wall |
| 8:40 | Queue | Villager (Male) |
| 8:51 | Research | Double-Bit Axe |
| 9:00 | Queue | Villager (Male) |
| 9:30 | Build | Stable |
| 9:35 | Queue | Spearman |
| 9:36 | Queue | Villager (Male) |
| 9:41 | Queue | Villager (Male) |
| 9:48 | Queue | Villager (Male) |
| 10:05 | Queue | Villager (Male) |
| 10:14 | Queue | Scout Cavalry |
| 10:14 | Queue | Scout Cavalry |
| 10:18 | Queue | Villager (Male) |
| 10:21 | Build | Farm |
| 10:22 | Build | Farm |
| 10:38 | Build | Farm |
| 10:48 | Queue | Villager (Male) |
| 11:03 | Build | House |
| 11:04 | Build | House |
| 11:09 | Build | Palisade Wall |
| 11:15 | Build | House |
| 11:16 | Build | Palisade Wall |
| 11:23 | Queue | Villager (Male) |
| 11:27 | Build | Palisade Wall |
| 11:30 | Build | Palisade Wall |
| 11:46 | Queue | Scout Cavalry |
| 11:46 | Queue | Scout Cavalry |
| 11:47 | Queue | Villager (Male) |
| 11:48 | Queue | Villager (Male) |
| 11:50 | Build | Farm |
| 12:07 | Build | Farm |
| 12:08 | Build | Farm |
| 12:10 | Queue | Villager (Male) |
| 12:12 | Build | Farm |
| 12:20 | Build | Palisade Wall |
| 12:23 | Queue | Villager (Male) |
| 12:41 | Build | Farm |
| 12:48 | Queue | Villager (Male) |
| 12:51 | Build | Archery Range |
| 12:55 | Build | Farm |
| 12:56 | Build | Farm |
| 13:01 | Build | Palisade Wall |
| 13:10 | Queue | Villager (Male) |
| 13:15 | Build | Palisade Wall |
| 13:21 | Build | Farm |
| 13:23 | Queue | Scout Cavalry |
| 13:34 | Queue | Skirmisher |
| 13:34 | Queue | Skirmisher |
| 13:36 | Queue | Villager (Male) |
| 13:48 | Build | Farm |
| 14:00 | Queue | Skirmisher |
| 14:12 | Queue | Villager (Male) |
| 14:17 | Queue | Skirmisher |
| 14:19 | Queue | Villager (Male) |
| 14:25 | Queue | Skirmisher |
| 14:30 | Queue | Villager (Male) |
| 14:50 | Queue | Skirmisher |
| 15:00 | Queue | Villager (Male) |
| 15:01 | Queue | Villager (Male) |
| 15:06 | Queue | Villager (Male) |
| 15:10 | Build | Farm |
| 15:12 | Queue | Villager (Male) |
| 15:18 | Build | Mining Camp |
| 15:18 | Queue | Villager (Male) |
| 15:29 | Queue | Skirmisher |
| 15:31 | Queue | Villager (Male) |
| 15:40 | Build | Farm |
| 15:42 | Build | Farm |
| 15:47 | Queue | Skirmisher |
| 15:48 | Queue | Villager (Male) |
| 16:09 | Queue | Skirmisher |
| 16:10 | Queue | Villager (Male) |
| 16:13 | Build | House |
| 16:19 | Queue | Villager (Male) |
| 16:27 | Research | Town Watch |
| 16:29 | Queue | Skirmisher |
| 16:34 | Queue | Villager (Male) |
| 16:43 | Build | Blacksmith |
| 16:45 | Build | Blacksmith |
| 16:46 | Queue | Villager (Male) |
| 16:47 | Queue | Villager (Male) |
| 16:55 | Build | House |
| 16:57 | Build | Palisade Wall |
| 17:05 | Queue | Villager (Male) |
| 17:22 | Build | Lumber Camp |
| 17:28 | Build | Farm |
| 17:29 | Build | Farm |
| 17:33 | Build | Farm |
| 17:33 | Build | Farm |
| 17:48 | Build | House |
| 17:50 | Build | Palisade Wall |
| 18:05 | Build | House |
| 18:36 | Research | Castle Age |
| 18:36 | Research | Castle Age |
| 19:03 | Queue | Villager (Male) |
| 19:13 | Queue | Skirmisher |
| 19:18 | Research | Scale Barding Armor |
| 19:18 | Queue | Villager (Male) |
| 19:23 | Build | Stable |
| 19:34 | Queue | Villager (Male) |
| 19:43 | Build | Farm |
| 19:48 | Build | Stable |
| 19:59 | Queue | Villager (Male) |
| 20:14 | Build | Farm |
| 20:22 | Research | Bloodlines |
| 20:22 | Research | Bloodlines |
| 20:33 | Research | Horse Collar |
| 20:50 | Build | House |
| 21:20 | Queue | Knight |
Build order — GO1_mx
First 150 of 785 actions detected
| 0:00 | Queue | Villager (Male) |
| 0:00 | Queue | Villager (Male) |
| 0:01 | Queue | Villager (Male) |
| 0:03 | Build | House |
| 0:03 | Queue | Villager (Male) |
| 0:04 | Queue | Villager (Male) |
| 0:04 | Build | House |
| 1:32 | Queue | Villager (Male) |
| 1:49 | Build | Lumber Camp |
| 2:01 | Queue | Villager (Male) |
| 2:16 | Queue | Villager (Male) |
| 2:48 | Queue | Villager (Male) |
| 3:04 | Queue | Villager (Male) |
| 3:42 | Build | House |
| 3:45 | Queue | Villager (Male) |
| 3:46 | Queue | Villager (Male) |
| 4:25 | Queue | Villager (Male) |
| 4:27 | Queue | Villager (Male) |
| 4:27 | Queue | Villager (Male) |
| 4:39 | Build | Barracks |
| 5:15 | Queue | Villager (Male) |
| 5:25 | Build | House |
| 5:37 | Queue | Militia |
| 5:46 | Queue | Villager (Male) |
| 5:55 | Queue | Militia |
| 5:55 | Queue | Militia |
| 6:07 | Build | House |
| 6:17 | Build | Mill |
| 6:17 | Queue | Villager (Male) |
| 6:41 | Queue | Villager (Male) |
| 7:06 | Queue | Villager (Male) |
| 7:13 | Build | Mining Camp |
| 7:17 | Build | Palisade Wall |
| 7:19 | Build | Palisade Wall |
| 7:24 | Queue | Villager (Male) |
| 7:24 | Research | Loom |
| 8:27 | Research | Feudal Age |
| 9:10 | Build | House |
| 9:16 | Build | Palisade Wall |
| 9:25 | Queue | Militia |
| 9:41 | Build | Palisade Wall |
| 9:47 | Queue | Militia |
| 10:25 | Queue | Villager (Male) |
| 10:37 | Age | Feudal Age |
| 10:42 | Research | Man-at-Arms (upgrade) |
| 10:46 | Build | Archery Range |
| 10:54 | Research | Double-Bit Axe |
| 11:06 | Queue | Villager (Male) |
| 11:12 | Build | Farm |
| 11:13 | Build | Farm |
| 11:15 | Build | Farm |
| 11:19 | Build | Blacksmith |
| 11:29 | Queue | Archer |
| 11:33 | Build | House |
| 11:35 | Build | Palisade Wall |
| 11:42 | Queue | Villager (Male) |
| 11:44 | Build | Farm |
| 11:59 | Queue | Archer |
| 12:01 | Queue | Villager (Male) |
| 12:17 | Queue | Spearman |
| 12:28 | Build | Farm |
| 12:32 | Queue | Villager (Male) |
| 12:46 | Queue | Archer |
| 12:50 | Build | Farm |
| 12:52 | Queue | Villager (Male) |
| 12:57 | Build | Farm |
| 13:07 | Queue | Skirmisher |
| 13:22 | Queue | Villager (Male) |
| 13:24 | Build | Farm |
| 13:41 | Build | Farm |
| 13:44 | Queue | Villager (Male) |
| 13:56 | Research | Fletching |
| 13:56 | Research | Fletching |
| 13:57 | Queue | Archer |
| 14:00 | Build | House |
| 14:11 | Queue | Spearman |
| 14:17 | Queue | Archer |
| 14:21 | Build | Farm |
| 14:23 | Build | Farm |
| 14:24 | Queue | Villager (Male) |
| 14:30 | Build | House |
| 14:33 | Build | Palisade Wall |
| 14:51 | Research | Padded Archer Armor |
| 14:53 | Queue | Villager (Male) |
| 14:55 | Queue | Spearman |
| 15:17 | Queue | Villager (Male) |
| 15:19 | Build | Farm |
| 15:25 | Build | Farm |
| 15:27 | Build | Farm |
| 15:44 | Queue | Villager (Male) |
| 15:47 | Build | House |
| 15:55 | Build | Farm |
| 16:03 | Research | Padded Archer Armor |
| 16:07 | Queue | Villager (Male) |
| 16:07 | Queue | Archer |
| 16:30 | Build | Palisade Wall |
| 16:33 | Build | Farm |
| 16:36 | Queue | Villager (Male) |
| 16:43 | Build | Stable |
| 17:02 | Queue | Villager (Male) |
| 17:13 | Build | Farm |
| 17:21 | Queue | Archer |
| 17:26 | Queue | Villager (Male) |
| 17:29 | Build | Farm |
| 17:40 | Build | Lumber Camp |
| 17:44 | Queue | Scout Cavalry |
| 17:47 | Queue | Archer |
| 17:54 | Queue | Villager (Male) |
| 18:13 | Queue | Scout Cavalry |
| 18:15 | Queue | Archer |
| 18:16 | Queue | Villager (Male) |
| 18:21 | Research | Wheelbarrow |
| 18:24 | Build | Farm |
| 18:27 | Build | House |
| 19:27 | Build | Market |
| 19:44 | Research | Castle Age |
| 19:56 | Queue | Archer |
| 21:37 | Research | Horse Collar |
| 21:37 | Research | Gold Mining |
| 21:47 | Build | Archery Range |
| 21:52 | Research | Bloodlines |
| 22:24 | Age | Castle Age |
| 22:27 | Research | Crossbowman (upgrade) |
| 22:28 | Research | Bodkin Arrow |
| 22:28 | Research | Bow Saw |
| 22:29 | Research | Bow Saw |
| 22:47 | Queue | Villager (Male) |
| 22:48 | Queue | Cavalry Archer |
| 22:49 | Queue | Cavalry Archer |
| 22:54 | Build | Monastery |
| 23:02 | Queue | Cavalry Archer |
| 23:02 | Queue | Cavalry Archer |
| 23:27 | Queue | Knight |
| 23:37 | Queue | Villager (Male) |
| 23:37 | Queue | Villager (Male) |
| 23:48 | Build | Town Center |
| 23:49 | Queue | Monk |
| 23:55 | Queue | Cavalry Archer |
| 23:55 | Queue | Cavalry Archer |
| 23:59 | Queue | Villager (Male) |
| 24:03 | Build | Farm |
| 24:17 | Queue | Cavalry Archer |
| 24:35 | Queue | Monk |
| 24:40 | Queue | Cavalry Archer |
| 24:42 | Queue | Villager (Male) |
| 24:43 | Queue | Villager (Male) |
| 24:52 | Build | Town Center |
| 25:12 | Queue | Cavalry Archer |
| 25:13 | Queue | Cavalry Archer |
| 25:15 | Queue | Villager (Male) |
Match timeline
| 4:39 | GO1_mx · first_building Barracks |
| 7:17 | GO1_mx · wall_segment Palisade Wall x4 |
| 7:19 | GO1_mx · wall_segment Palisade Wall x6 |
| 7:49 | Saturno 1343 · first_building Barracks |
| 8:02 | Saturno 1343 · wall_segment Palisade Wall x4 |
| 8:04 | Saturno 1343 · wall_segment Palisade Wall x2 |
| 8:06 | Saturno 1343 · wall_segment Palisade Wall x1 |
| 8:34 | Saturno 1343 · wall_segment Palisade Wall x1 |
| 9:16 | GO1_mx · wall_segment Palisade Wall x9 |
| 9:30 | Saturno 1343 · first_building Stable |
| 9:41 | GO1_mx · wall_segment Palisade Wall x1 |
| 10:37 | GO1_mx · age_up feudal |
| 10:46 | GO1_mx · first_building Archery Range |
| 11:09 | Saturno 1343 · wall_segment Palisade Wall x1 |
| 11:16 | Saturno 1343 · wall_segment Palisade Wall x6 |
| 11:27 | Saturno 1343 · wall_segment Palisade Wall x10 |
| 11:30 | Saturno 1343 · wall_segment Palisade Wall x1 |
| 11:35 | GO1_mx · wall_segment Palisade Wall x4 |
| 12:20 | Saturno 1343 · wall_segment Palisade Wall x1 |
| 12:51 | Saturno 1343 · first_building Archery Range |
| 13:01 | Saturno 1343 · wall_segment Palisade Wall x1 |
| 13:15 | Saturno 1343 · wall_segment Palisade Wall x2 |
| 14:33 | GO1_mx · wall_segment Palisade Wall x7 |
| 16:30 | GO1_mx · wall_segment Palisade Wall x1 |
| 16:43 | GO1_mx · first_building Stable |
| 16:57 | Saturno 1343 · wall_segment Palisade Wall x6 |
| 17:50 | Saturno 1343 · wall_segment Palisade Wall x4 |
| 22:24 | GO1_mx · age_up castle |
| 22:54 | GO1_mx · first_building Monastery |
| 26:13 | Saturno 1343 · first_building Monastery |
| 26:31 | GO1_mx · wall_segment Palisade Wall x1 |
| 27:22 | GO1_mx · first_market_buy 100 wood |
| 27:25 | GO1_mx · first_market_sell 100 food |
| 29:34 | GO1_mx · first_building Siege Workshop |
| 30:44 | Saturno 1343 · first_market_buy 100 food |
| 34:58 | Saturno 1343 · first_building Castle |
| 35:20 | Saturno 1343 · wall_segment Palisade Wall x1 |
| 35:55 | GO1_mx · age_up imperial |
| 36:26 | GO1_mx · first_building Castle |
| 36:55 | Saturno 1343 · wall_segment Palisade Wall x1 |
| 37:36 | Saturno 1343 · first_market_sell 100 food |
| 41:16 | Saturno 1343 · wall_segment Palisade Wall x4 |
| 54:14 | Saturno 1343 · wall_segment Stone Wall x1 |
| 54:25 | Saturno 1343 · wall_segment Stone Wall x8 |
| 54:28 | Saturno 1343 · wall_segment Stone Wall x3 |
| 55:15 | Saturno 1343 · wall_segment Stone Wall x3 |
| 60:29 | Saturno 1343 · wall_segment Stone Wall x2 |
| 60:32 | Saturno 1343 · wall_segment Stone Wall x5 |
| 60:33 | Saturno 1343 · wall_segment Stone Wall x1 |
| 60:36 | Saturno 1343 · wall_segment Stone Wall x1 |
| 62:18 | Saturno 1343 · wall_segment Stone Wall x4 |
| 62:19 | Saturno 1343 · wall_segment Stone Wall x1 |
| 63:01 | Saturno 1343 · resign |
[ AI ANALYSIS · 1 CREDIT ]
What really happened in this match?
Wolo.gg analyzes every decision: build order, eco, micro, common mistakes by bracket. Personalized analysis on WhatsApp or Discord in 30 seconds.
Civ guide
Mongols
Perfil
Jugador #24977465